Map: 亚历山大港 - 天梯版

Players

Elazer - Winner!

  • Race: Zerg Zerg

Has

  • Race: Protoss Protoss

Event: WESG 2018 Grand Finals

VOD

Have the link to the VOD?

Description

Time

  • Played on: March 11, 2019, 8:28 a.m.
  • Length: 12:28

All games in this series

Show
View Real Time Build Order
Export as new Build Order

Elazer Zerg - Winner!

Build Orders: Pool First, Swarm Host 

Get SALT Encoding   

  12  0:00  Drone  
  13  0:12  Overlord  
  13  0:17  Drone  
  14  0:30  Drone x2  
  14  0:34  Drone  
  17  0:44  Extractor  
  17  0:45  Drone  
  17  0:50  Spawning Pool  
  17  0:55  Drone  
  17  1:06  Drone  
  18  1:20  Hatchery  
  18  1:23  Drone  
  18  1:37  Queen  
  18  1:38  Zergling x2  
  21  1:46  Metabolic Boost  
  21  1:52  Overlord  
  21  1:55  Drone  
  22  2:12  Drone x2  
  22  2:13  Queen  
  26  2:23  Drone  
  27  2:32  Drone  
  28  2:38  Overlord  
  28  2:44  Drone  
  29  2:45  Drone x2  
  29  2:46  Drone  
  29  2:48  Drone  
  33  2:53  Drone  
  33  2:55  Drone  
  35  3:02  Queen  
  36  3:09  Hatchery  
  36  3:12  Drone  
  36  3:13  Drone  
  36  3:15  Drone  
  36  3:19  Drone  
  39  3:21  Drone x2  
  39  3:24  Zergling x2  
  42  3:27  Overlord  
  42  3:28  Zergling x2  
  43  3:35  Overlord  
  43  3:44  Queen  
  43  3:46  Zergling x2  
  43  3:47  Drone x3  
  49  3:53  Drone  
  50  3:59  Zergling x2  
  51  4:03  Drone  
  51  4:09  Drone  
  53  4:14  Drone x6  
  53  4:15  Lair, Roach Warren  
  58  4:20  Queen  
  58  4:21  Extractor  
  58  4:22  Overlord  
  59  4:24  Drone  
  59  4:25  Drone  
  59  4:29  Queen  
  63  4:31  Extractor  
  63  4:32  Overlord  
  62  4:42  Overlord  
  62  4:55  Roach x9  
  80  5:01  Roach  
  80  5:06  Overlord  
  82  5:09  Roach  
  82  5:10  Roach x3  
  89  5:24  Roach x4  
  89  5:27  Overseer  
  95  5:32  Overlord  
  95  5:33  Drone x3  
  95  5:34  Glial Reconstitution  
  98  5:42  Overlord  
  98  5:45  Overlord  
  98  5:48  Extractor  
  98  5:49  Overlord, Ravager  
  97  5:57  Drone x7  
  103  6:01  Overlord  
  103  6:04  Drone x3  
  103  6:05  Drone, Extractor  
  106  6:13  Overlord  
  106  6:16  Drone x5  
  112  6:18  Ravager  
  112  6:26  Drone x2  
  112  6:30  Overseer  
  112  6:33  Overlord  
  112  6:34  Drone x6  
  112  6:37  Overlord  
  112  6:39  Drone x3  
  118  6:43  Drone x2  
  118  6:50  Overlord  
  118  6:54  Roach x2  
  116  7:01  Roach  
  116  7:02  Roach  
  116  7:03  Overlord  
  116  7:05  Extractor  
  116  7:08  Evolution Chamber  
  118  7:09  Roach  
  118  7:10  Roach x2  
  118  7:12  Overlord  
  118  7:15  Roach x2  
  127  7:21  Overlord  
  127  7:27  Roach x5  
  137  7:30  Ravager  
  137  7:33  Zerg Missile Weapons Level 1  
  137  7:36  Roach x4  
  146  7:41  Roach x3  
  146  7:42  Ravager x2  
  154  7:48  Overlord  
  154  7:54  Roach x5  
  164  8:03  Roach x5  
  155  8:06  Roach x2  
  154  8:13  Roach x3  
  154  8:19  Ravager x5  
  158  8:23  Roach x3  
  163  8:32  Overlord  
  163  8:33  Roach x3  
  169  8:35  Drone  
  169  8:40  Drone x3  
  166  8:42  Drone  
  166  8:43  Drone  
  166  8:47  Drone x2  
  170  8:49  Drone x2  
  163  9:07  Drone x3  
  166  9:11  Infestation Pit  
  166  9:13  Roach x2  
  169  9:21  Hatchery  
  169  9:22  Roach x5  
  161  9:33  Roach x5  
  161  9:38  Roach x3  
  158  9:43  Roach x2  
  154  9:50  Roach  
  154  9:51  Roach x3  
  142  9:59  Roach x4  
  136  10:01  Roach  
  136  10:06  Roach x3  
  144  10:08  Ravager x4  
  144  10:13  Roach x2  
  152  10:19  Roach x3  
  154  10:40  Roach  
  154  10:41  Roach x10  
  154  10:42  Ravager x2  
  174  10:43  Ravager x2  
  162  10:50  Roach x4  
  162  10:56  Ravager  
  163  11:06  Ravager x2, Swarm Host x5  
  180  11:18  Swarm Host x4  
  192  11:29  Swarm Host  
  192  11:30  Swarm Host  
  198  11:36  Nydus Network  
  198  11:38  Swarm Host  
  196  11:45  Swarm Host  
  193  12:05  Roach  
  194  12:15  Drone x7  
Show
View Real Time Build Order
Export as new Build Order

Has Protoss 

Build Orders: 1 Gate Expand, Archon Immortal 

Get SALT Encoding   

  12  0:00  Probe  
  13  0:13  Probe  
  14  0:20  Pylon  
  14  0:23  Probe  
  15  0:34  Probe  
  15  0:40  Gateway  
  16  0:43  Probe  
  17  0:52  Assimilator  
  17  0:53  Probe  
  18  1:01  Probe  
  18  1:09  Probe  
  20  1:27  Cybernetics Core  
  20  1:35  Nexus  
  20  1:39  Probe  
  21  1:45  Assimilator  
  21  1:50  Pylon  
  21  1:53  Probe  
  22  1:59  Stalker  
  22  2:06  Warp Gate  
  22  2:09  Probe  
  25  2:21  Probe  
  26  2:31  Robotics Facility  
  26  2:33  Probe  
  26  2:34  Adept  
  29  2:44  Probe  
  29  2:45  Probe  
  30  2:52  Probe  
  30  2:56  Twilight Council  
  30  2:57  Probe  
  32  3:02  Probe  
  33  3:05  Adept  
  33  3:10  Probe  
  36  3:16  Gateway  
  36  3:18  Probe  
  37  3:22  Probe, Observer  
  37  3:23  Charge  
  39  3:30  Probe  
  39  3:34  Probe  
  41  3:37  Pylon  
  41  3:42  Probe  
  42  3:48  Gateway  
  42  3:50  Gateway  
  42  3:51  Warp Prism  
  42  3:56  Probe x2  
  46  4:08  Probe x2  
  48  4:10  Pylon  
  48  4:20  Zealot  
  48  4:21  Zealot  
  48  4:24  Probe x2, Immortal  
  54  4:32  Dark Shrine  
  58  4:39  Pylon  
  58  4:52  Zealot x2  
  58  4:54  Immortal  
  58  4:58  Zealot x2  
  70  5:11  Forge  
  70  5:21  Pylon  
  68  5:25  Probe x2  
  62  5:30  Sentry x2, Assimilator  
  62  5:31  Assimilator  
  62  5:32  Protoss Ground Weapons Level 1  
  62  5:37  Zealot, Probe  
  62  5:38  Zealot  
  67  5:43  Probe  
  67  5:49  Probe  
  69  5:51  Nexus  
  69  5:55  Pylon  
  69  6:01  Dark Templar  
  71  6:06  Dark Templar  
  73  6:13  Probe x2, Gateway  
  73  6:16  Gateway  
  75  6:21  Immortal  
  75  6:25  Probe  
  75  6:26  Probe, Dark Templar  
  83  6:38  Probe  
  83  6:39  Probe  
  83  6:48  Pylon  
  83  6:50  Probe  
  82  6:58  Dark Templar  
  82  6:59  Zealot, Dark Templar  
  86  7:03  Pylon  
  86  7:04  Pylon, Probe x2  
  86  7:05  Archon  
  86  7:06  Probe  
  89  7:12  Zealot x2, Immortal  
  89  7:13  Zealot  
  99  7:26  Probe x3  
  102  7:30  Dark Templar  
  102  7:31  Zealot, Dark Templar  
  102  7:34  Zealot  
  102  7:35  Archon  
  102  7:36  Zealot  
  112  7:42  Dark Templar  
  113  7:44  Probe  
  113  7:45  Probe x2  
  113  7:56  Zealot  
  112  8:05  Zealot x4  
  114  8:08  Probe x3  
  114  8:11  Protoss Ground Weapons Level 2  
  114  8:15  Zealot  
  112  8:20  Zealot x2  
  112  8:25  Zealot  
  115  8:35  Zealot x2  
  115  8:40  Probe  
  115  8:41  Probe  
  118  8:45  Pylon  
  117  8:49  Pylon  
  116  9:00  Sentry x3  
  116  9:02  Zealot x3  
  115  9:10  Probe x3  
  115  9:13  Immortal  
  120  9:24  Zealot x3  
  120  9:26  Dark Templar  
  120  9:29  Dark Templar  
  125  9:35  Dark Templar  
  109  9:44  Probe x2  
  109  9:45  Probe  
  94  9:46  Dark Templar x2  
  80  10:03  Zealot x3  
  80  10:07  Probe x2  
  88  10:13  Zealot  
  90  10:15  Dark Templar  
  90  10:16  Zealot  
  90  10:18  Archon x2  
  90  10:19  Zealot  
  96  10:22  Zealot  
  96  10:26  Zealot  
  96  10:35  Sentry, Zealot  
  95  10:42  Zealot x2  
  73  10:57  Sentry  
  73  10:58  Zealot x2  
  77  11:05  Probe  
  77  11:06  Probe x2  
  77  11:09  Sentry  
  82  11:11  Zealot x2  
  86  11:18  Sentry, Zealot  
  86  11:23  Zealot  
  92  11:32  Sentry  
  92  11:34  Zealot  
  92  11:35  Probe  
  92  11:36  Probe  
  92  11:37  Probe  
  98  11:55  Zealot x4  
  98  11:58  Sentry  
  108  12:02  Sentry  
  86  12:22  Zealot x4  
  60  12:23  Zealot  
Tags
 
Add a new tag
Caveats
  • Supply blocks, unpowered buildings, or Contaminate may cause inaccurate times.
  • Supply counts are checked every 10 seconds.